 Dungeon Crawl Stone Soup version 0.19.1 (webtiles) character file.

710 Peloso the Slasher (level 7, -3/59 HPs)
             Began as a Ghoul Fighter on Dec 8, 2016.
             Killed from afar by an orc wizard (7 damage)
             ... with a magic dart
             ... on level 5 of the Dungeon.
             The game lasted 00:19:19 (3586 turns).

Peloso the Slasher (Ghoul Fighter)                  Turns: 3586, Time: 00:19:20

Health: -3/59      AC:  8    Str: 20    XL:     7   Next: 68%
Magic:  6/6        EV:  8    Int:  3    God:
Gold:   158        SH:  9    Dex: 10    Spells: 0 memorised, 6 levels left

rFire  . . .     SeeInvis .     a - +0 long sword
rCold  + . .     Gourm    .     b - +0 scale mail
rNeg   + + +     Faith    .     c - +0 shield
rPois  ∞         Spirit   .     (no helmet)
rElec  .         Reflect  .     r - +0 cloak
rCorr  .         Harm     .     (no gloves)
MR     .....                    (no boots)
Stlth  ..........               (no amulet)
                                (no ring)
                                (no ring)

@: rotting
A: rotting body, claws 1, carnivore 3, cold resistance 1, negative energy
resistance 3, slow regeneration 1, torment resistance, unbreathing
a: no special abilities


You were on level 5 of the Dungeon.
You were not hungry.

You visited 1 branch of the dungeon, and saw 5 of its levels.

You collected 158 gold pieces.

Inventory:

Hand Weapons
 a - a +0 long sword (weapon)
 w - a +2 short sword of speed
 y - a cursed -1 short sword
Armour
 b - a +0 scale mail (worn)
 c - a +0 shield (worn)
 r - a +0 cloak (worn)
Jewellery
 z - a cursed -2 ring of evasion {unknown}
Wands
 s - a wand of confusion (14/48)
Scrolls
 e - 4 scrolls of identify {unknown}
 g - a scroll of magic mapping {unknown}
 i - a scroll of amnesia {unknown}
 k - a scroll of teleportation {unknown}
 o - a scroll of enchant weapon {unknown}
 q - a scroll of enchant armour {unknown}
 x - a scroll of fog {unknown}
Potions
 d - a potion of might
 h - 2 potions of heal wounds {unknown}
 j - a potion of cancellation {unknown}
 l - a potion of berserk rage {unknown}
 m - a potion of agility {unknown}
 n - 2 potions of curing {unknown}
 t - a potion of brilliance {unknown}
 u - 3 potions of flight {unknown}
 v - a potion of degeneration {unknown}
Comestibles
 f - a meat ration
 p - a beef jerky


   Skills:
 + Level 4.2 Fighting
 + Level 5.0 Long Blades
 + Level 4.5 Armour
 + Level 1.5 Dodging
 + Level 4.1 Shields


You had 6 spell levels left.
You didn't know any spells.

Dungeon Overview and Level Annotations

Branches:
Dungeon (5/15)
 Temple: D:4-7

Altars:
Elyvilon
Hepliaklqana
Qazlal
Ru
Uskayaw


Innate Abilities, Weirdness & Mutations

Your body is rotting away.
You thrive on raw meat.
You are immune to poison.
You have sharp fingernails.
You are carnivorous and can eat meat at any time.
Your flesh is cold resistant. (rC+)
You are immune to negative energy. (rN+++)
You regenerate slowly when monsters are visible.
You are immune to unholy pain and torment.
You can survive without breathing.


Message History

Reactivating autopickup.
The orc wizard points at you and mumbles some strange words.
The magic dart hits you!
* * * LOW HITPOINT WARNING * * *
You hit the orc wizard.
The orc wizard is almost dead.
The orc wizard casts a spell at you. The puff of flame hits you!
* * * LOW HITPOINT WARNING * * *
You closely miss the orc wizard.
The orc wizard is almost dead.
The orc wizard points at you and mumbles some strange words.
The puff of flame hits you! You block the orc wizard's attack.
Your shield and scale mail prevent you from hitting the orc wizard.
The orc wizard is almost dead.
The orc wizard gestures at you while chanting.
The magic dart hits you! The orc wizard casts a spell at you.
The magic dart hits you!
You die...

#.################
#.# #.# #.# #.#
#.# #.# #.# #@#
#)# #o# ###.##
#$[oo# ......
.....#..# ###.##
...o ...# #.# ...
....# #.# ..
.....# #.# .
...#..# #.####.##


You could see an orc wizard and 2 orcs.

Vanquished Creatures
  The ghost of smzp the Covert, an amateur SpAs (D:4)
  An ice beast (D:5)
  A scorpion (D:4)
  2 howler monkeys (D:4)
  An orc priest (D:5)
  2 hounds (D:4)
  2 orc wizards
  Jessica (D:2)
  A worker ant (D:4)
  A hound skeleton (D:4)
  3 adders
  6 gnolls
  An adder skeleton (D:4)
  2 worms
  3 dart slugs
  4 leopard geckos
  12 orcs
  6 bats
  4 giant cockroaches
  5 goblins
  7 hobgoblins
  4 frilled lizards
  7 kobolds
  A leopard gecko skeleton (D:4)
  14 rats
92 creatures vanquished.

Notes
Turn   | Place    | Note
-------+----------+-------------------------------------------
     0 | D:1      | Peloso the Ghoul Fighter began the quest for the Orb.
     0 | D:1      | Reached XP level 1. HP: 19/19 MP: 0/0
   101 | D:1      | Reached XP level 2. HP: 25/26 MP: 1/1
   123 | D:1      | Reached skill level 2 in Long Blades
   602 | D:2      | Reached XP level 3. HP: 14/33 MP: 2/2
  1108 | D:2      | Reached XP level 4. HP: 39/39 MP: 3/3
  1158 | D:2      | Noticed Jessica
  1169 | D:2      | Killed Jessica
  1338 | D:3      | Reached skill level 3 in Long Blades
  1403 | D:3      | Found a white marble altar of Elyvilon.
  1447 | D:3      | Reached XP level 5. HP: 29/44 MP: 4/4
  1525 | D:3      | Found a hazy altar of Hepliaklqana.
  1840 | D:3      | Noticed a dagger
  1841 | D:3      | Noticed a hand axe
  2084 | D:3      | Found a hide-covered altar of Uskayaw.
  2383 | D:4      | Noticed smzp's ghost (amateur SpAs)
  2649 | D:4      | Reached XP level 6. HP: 51/51 MP: 5/5
  2972 | D:4      | Reached skill level 4 in Long Blades
  2972 | D:4      | Reached skill level 1 in Dodging
  3174 | D:4      | Found a sacrificial altar of Ru.
  3315 | D:4      | Killed smzp's ghost
  3315 | D:4      | Reached XP level 7. HP: 57/59 MP: 6/6
  3427 | D:4      | Found a stormy altar of Qazlal.
  3466 | D:5      | Entered Level 5 of the Dungeon
  3575 | D:5      | Reached skill level 5 in Long Blades
  3586 | D:5      | Killed from afar by an orc wizard

Skill      XL: |  1  2  3  4  5  6  7 |
---------------+----------------------+-----
Shields        | 3 4 |  4.1
Long Blades    | 2 3 4 5 |  5.0
Armour         | 3 4 |  4.5
Fighting       | 4 |  4.2
Dodging        | 1 |  1.5

Action                   |  1- 3 |  4- 6 |  7- 9 || total
-------------------------+-------+-------+-------++-------
Melee: Long sword        |   125 |   263 |    92 ||   480
Evoke: Wand              |       |     1 |       ||     1
  Eat: Chunk             |     2 |    14 |       ||    16
Armor: Scale mail        |    62 |   126 |    32 ||   220
Dodge: Dodged            |    35 |    82 |    20 ||   137
Block: Shield            |    66 |   131 |    29 ||   226
       Rpst.: Long sword |    13 |    40 |     6 ||    59
